 Dungeon Crawl Stone Soup version 0.31-a0-325-g067879e3d3 (webtiles) character file.

Game seed: 2986049257986438580

62 Dittersdorf the Trooper (level 4, -3/29 HPs)
             Began as a Gargoyle Fighter on July 18, 2023.
             Slain by an ogre
             ... wielding a +0 giant spiked club
              (32 damage)
             ... on level 3 of the Dungeon.
             The game lasted 00:01:51 (1483 turns).

Dittersdorf the Trooper (Gargoyle Fighter)          Turns: 1483, Time: 00:01:52

Health: -3/29      AC: 10    Str: 22    XL:     4   Next: 8%
Magic:  4/4        EV:  9    Int: 14    God:
Gold:   121        SH:  4    Dex:  9    Spells: 3/3 levels left

rFire   . . .        a - +0 flail
rCold   + . .        c - +0 buckler
rNeg    + . .        b - +0 scale mail
rPois   ∞            (no helmet)
rElec   +            (no cloak)
rCorr   .            (no gloves)
SInv    .            (no boots)
Will    .....        (no amulet) Stlth
                     h - ring of protection from cold
HPRegen 0.24/turn    i - +6 ring of intelligence
MPRegen 0.09/turn

%: no passive effects
@: mighty
A: sickness immunity, AC +3, negative energy resistance 1, electricity
resistance, torment resistance 1, petrification resistance
a: no special abilities


You were on level 3 of the Dungeon.
You visited 1 branch of the dungeon, and saw 3 of its levels.

You collected 121 gold pieces.

Inventory:

Hand Weapons
 a - a +0 flail (weapon)
Armour
 b - a +0 scale mail (worn)
 c - a +0 buckler (worn)
Jewellery
 h - a ring of protection from cold (left hand)
 i - a +6 ring of intelligence (right hand)
Scrolls
 g - a scroll of immolation {unknown}
 j - 2 scrolls of identify {unknown}
 k - 2 scrolls of teleportation {unknown}
 m - a scroll of vulnerability {unknown}
 n - a scroll of revelation {unknown}
 o - a scroll of poison {unknown}
 p - a scroll of blinking {unknown}
 q - a scroll of enchant weapon {unknown}
 t - a scroll of amnesia {unknown}
Potions
 e - 2 potions of brilliance {unknown}
 f - 3 potions of curing {unknown}
 l - a potion of lignification {unknown}
 r - 2 potions of haste {unknown}
 s - a potion of degeneration {unknown}


   Skills:
 + Level 3.9 Fighting
 + Level 2.7 Maces & Flails
 + Level 3.8 Armour
 + Level 3.8 Shields


You had 3 spell levels left.
You didn't know any spells.
Your spell library contained the following spells:

 Spells                   Type           Power      Damage    Failure   Level
 Dazzling Flash           Conj/Hex       0%         N/A       95%         3
 Inner Flame              Hex/Fire       0%         N/A       95%         3
 Agony                    Necr           0%         N/A       100%        5
 Silence                  Hex/Air        0%         N/A       100%        5
 Yara's Violent Unravell  Hex/Tmut       0%         3d3       100%        5
 Enfeeble                 Hex            0%         N/A       100%        7


Dungeon Overview and Level Annotations

Branches:
Dungeon (3/15)

Altars:


Innate Abilities, Weirdness & Mutations

You are immune to sickness and miasma.
Your stone body is resilient. (AC +3)
You are immune to poison.
You resist negative energy. (rN+)
You are resistant to electric shocks. (rElec)
You are resistant to unholy torment.
You are immune to petrification.


Message History

The goblin is moderately wounded.
The goblin hits you with a +0 dagger.
You hit the goblin.
You kill the goblin!
You block the goblin's attack.
You have reached level 4!
You feel stronger.
You hit the goblin.
The goblin is severely wounded.
The goblin barely misses you.
You hit the goblin.
You kill the goblin!
You hit the goblin.
You kill the goblin!
No target in view!
You start resting.
HP restored.
Items here: )))) †.
A goblin comes into view. It is wielding a +0 club.
The goblin shouts!
You hear a shout!
You barely miss the goblin. The goblin misses you.
You closely miss the goblin. The goblin hits you with a +0 club.
You closely miss the goblin. The goblin hits you but does no damage.
The goblin closely misses you.
You miss the goblin. The goblin hits you but does no damage.
You sock the goblin!
You kill the goblin!
Things that are here:
a +0 club; a goblin corpse You start resting.
HP restored.
A goblin comes into view. It is wielding a +0 club.
The ogre closely misses you.
You feel very mighty all of a sudden. The ogre closely misses you.
You sock the ogre!
The ogre is heavily wounded.
The ogre hits you with a +0 giant spiked club!!
Ouch! That really hurt!
You die...

#.#...# #.#.....#
#.###.# #.##...##
#.###)###.###+#
#.........# #.#
##.......## #.#
#.##.##.# ##.###
###.##.##.###.....
#...##.##.##......
#@#####...###..###
#O# ##.......# #
#g'.gO###.####.###
###.(.#...# #....
######## #)### #.#
#######.##
#........#
#.#####..#


You could see an ogre and a goblin.

Vanquished Creatures
  An adder (D:2)
  2 dart slugs (D:1)
  An orc (D:3)
  7 ball pythons
  An endoplasm (D:2)
  A giant cockroach (D:1)
  9 goblins
  5 hobgoblins
  A quokka (D:2)
  3 bats
  4 frilled lizards (D:1)
  5 kobolds
  6 rats
46 creatures vanquished.

Notes
Turn   | Place    | Note
-------+----------+-------------------------------------------
     0 | D:1      | Dittersdorf the Gargoyle Fighter began the quest for the
                  | Orb.
     0 | D:1      | Reached XP level 1. HP: 14/14 MP: 1/1
    90 | D:1      | Reached XP level 2. HP: 19/19 MP: 2/2
   416 | D:1      | Reached XP level 3. HP: 20/23 MP: 3/3
  1428 | D:3      | Noticed an ogre
  1452 | D:3      | Reached XP level 4. HP: 27/29 MP: 4/4
  1483 | D:3      | Slain by an ogre

Illustrated notes

Levels and vault maps discovered:
D:1:      lightli_arrival_chessboard, layout_rooms
D:2:      layout_rooms
D:3:      layout_loops_corners, grunt_temple_overflow_open, lemuel_tele_altar,
          minmay_ogre_servants

Action                     |  1- 3 |  4- 6 || total
---------------------------+-------+-------++-------
  Melee: Flail             |   119 |     9 ||   128
    Use: Potion            |       |     1 ||     1
 Armour: Scale mail        |    68 |     2 ||    70
  Dodge: Dodged            |    55 |     5 ||    60
  Block: Buckler           |    25 |       ||    25

Table legend: (Time is in decaauts)
 A = Elapsed time spent in this place.
 B = Non-inter-level travel time spent in this place.
 C = Inter-level travel time spent in this place.
 D = Time resting spent in this place.
 E = Time spent auto-exploring this place.
 F = Levels seen in this place.
 G = Mean time per level.
                   A        B        C        D        E       F      G
               +--------+--------+--------+--------+--------+-----+--------+
         Total |   1521 |   1469 |     52 |      6 |   1141 |   3 |  507.0 |
       Dungeon |   1521 |   1469 |     52 |      6 |   1141 |   3 |  507.0 |
               +--------+--------+--------+--------+--------+-----+--------+

Top non-repeatable levels by time:
     D:1: 647 daAuts
     D:2: 457 daAuts
     D:3: 416 daAuts
